Map: Equilibrium LE

Players

David - Winner!

  • Race: Zerg Zerg
  • League: Diamond
  • Spawn Location: 11:00

SubN

  • Race: Zerg Zerg
  • League: Diamond
  • Spawn Location: 1:00

VOD

Have the link to the VOD?

Description

Time

  • Played on: Dec. 24, 2023, 5:40 p.m.
  • Length: 6:40
Show
View Real Time Build Order
Export as new Build Order

David Zerg - Winner!

Build Orders: Hatch First 

Get SALT Encoding   

  12  0:00  Drone  
  13  0:12  Overlord  
  13  0:17  Drone  
  14  0:30  Drone x2  
  16  0:48  Hatchery  
  15  0:52  Drone  
  15  0:56  Drone  
  17  0:59  Drone  
  18  1:10  Extractor  
  17  1:14  Spawning Pool  
  17  1:17  Drone  
  17  1:20  Drone  
  18  1:28  Drone  
  19  1:40  Drone  
  20  1:53  Overlord  
  20  2:01  Queen x2  
  20  2:02  Zergling x2  
  20  2:04  Zergling x2  
  26  2:13  Drone x2  
  28  2:31  Hatchery  
  28  2:32  Overlord  
  27  2:45  Drone  
  27  2:46  Overlord  
  27  2:47  Overlord  
  28  2:55  Drone x3  
  31  3:02  Metabolic Boost  
  31  3:07  Drone  
  31  3:08  Drone x2  
  34  3:15  Drone  
  34  3:17  Drone x3  
  37  3:29  Drone x2, Roach Warren, Extractor  
  37  3:41  Drone x2  
  39  3:44  Drone  
  40  3:51  Lair, Evolution Chamber  
  40  3:53  Drone x2  
  41  3:57  Extractor  
  40  4:08  Drone x3  
  40  4:09  Drone  
  45  4:10  Drone  
  45  4:11  Roach x5  
  45  4:16  Queen  
  57  4:41  Overlord x2  
  57  4:42  Overlord x2  
  57  4:51  Glial Reconstitution  
  57  4:59  Queen  
  59  5:01  Roach x6  
  59  5:02  Roach  
  59  5:03  Roach  
  74  5:11  Drone  
  74  5:12  Drone x2, Extractor  
  74  5:13  Drone  
  77  5:14  Drone x2  
  77  5:15  Drone  
  80  5:23  Drone  
  80  5:24  Drone x4  
  85  5:32  Drone  
  85  5:33  Drone  
  85  5:34  Drone x2, Evolution Chamber  
  88  5:50  Roach  
  88  5:53  Overlord x3  
  90  6:01  Roach  
  84  6:08  Roach x2  
  84  6:09  Roach x6  
  84  6:11  Roach x2  
  88  6:13  Roach  
  88  6:14  Roach x3  
Show
View Real Time Build Order
Export as new Build Order

SubN Zerg 

Build Orders: Pool First 

Get SALT Encoding   

  12  0:00  Drone  
  13  0:12  Overlord  
  13  0:20  Drone  
  14  0:30  Drone x2  
  14  0:34  Drone  
  17  0:36  Extractor  
  16  0:45  Drone  
  17  0:51  Spawning Pool  
  16  0:58  Drone  
  17  1:06  Drone  
  18  1:21  Hatchery  
  18  1:25  Drone  
  18  1:28  Drone  
  19  1:39  Queen  
  21  1:46  Metabolic Boost  
  21  1:53  Overlord  
  21  1:56  Zergling x2  
  22  2:11  Zergling x2  
  22  2:12  Zergling x2  
  24  2:23  Pneumatized Carapace  
  24  2:32  Queen  
  24  2:34  Drone x3  
  29  2:45  Drone x2  
  29  2:48  Drone x2  
  33  2:52  Overlord  
  33  3:06  Overlord  
  33  3:08  Overlord  
  33  3:13  Drone x2  
  35  3:23  Queen  
  37  3:28  Drone x2  
  37  3:29  Drone  
  37  3:31  Drone  
  41  3:43  Drone x2  
  41  3:46  Drone  
  44  3:51  Drone x2  
  44  3:52  Drone x2  
  48  4:00  Overlord x2  
  48  4:01  Overlord  
  48  4:11  Zergling x4  
  48  4:13  Zergling x2  
  51  4:19  Extractor x2  
  49  4:31  Zergling x10  
  50  4:37  Extractor  
  52  4:49  Zergling x8  
  52  4:50  Zergling x2  
  57  4:59  Extractor  
  57  5:05  Hatchery, Lair  
  57  5:09  Drone x2  
  57  5:12  Drone  
  57  5:13  Drone x2  
  62  5:20  Evolution Chamber x2  
  60  5:22  Roach Warren  
  60  5:23  Zergling x4  
  61  5:33  Zergling x4  
  63  5:36  Zergling x2  
  63  5:37  Zergling x6  
  67  5:44  Zergling x8  
  70  6:00  Zergling x2  
  70  6:01  Zergling x4  
  64  6:11  Drone x3  
  64  6:12  Overlord  
  64  6:13  Overlord x2  
  64  6:17  Zergling x4  
Tags
 
Add a new tag
Caveats
  • Supply blocks, unpowered buildings, or Contaminate may cause inaccurate times.
  • Supply counts are checked every 10 seconds.